 Dungeon Crawl Stone Soup version 0.32-a0-560-g4c7f4391e0 (webtiles) character file.

Game seed: 11689361303197328468

12956 retardedninja the Cleaver (level 11, -6/105 HPs)
             Began as a Mountain Dwarf Fighter on Feb 29, 2024.
             Was an Elder of Cheibriados.
             Mangled by a death yak (13 damage)
             ... on level 1 of the Lair of Beasts.
             The game lasted 00:21:11 (14024 turns).

retardedninja the Cleaver (Mountain Dwarf Fighter) Turns: 14024, Time: 00:21:11

Health: -6/105     AC: 21    Str: 32 (33) XL:     11   Next: 69%
Magic:  11/11      EV: 13    Int: 15 (17) God:    Cheibriados [****..]
Gold:   692        SH:  6    Dex: 14 (18) Spells: 10/10 levels left

rFire   . . .        a - +3 war axe
rCold   . . .        c - +0 buckler
rNeg    . . .        g - +0 plate armour
rPois   .            (no helmet)
rElec   .            x - +0 cloak
rCorr   .            (no gloves)
SInv    .            b - +0 pair of boots
Will    +....        (no amulet) Stlth
                     m - +5 ring of evasion
HPRegen 0.37/turn    o - +4 ring of protection
MPRegen 0.12/turn

%: no passive effects
@: very slow
A: runic magic, artefact enchanting, talons 1, deterioration 1
a: Renounce Religion, Bend Time, Temporal Distortion, Slouch


You were on level 1 of the Lair of Beasts.
You worshipped Cheibriados.
Cheibriados was greatly pleased with you.
You visited 3 branches of the dungeon, and saw 12 of its levels.

You collected 692 gold pieces.

Inventory:

Hand Weapons
 a - a +3 war axe (weapon)
Missiles
 r - 7 javelins
 y - a throwing net (quivered)
Armour
 b - a +0 pair of boots (worn)
 c - a +0 buckler (worn)
 g - a +0 plate armour (worn)
 x - a +0 cloak (worn)
 C - a +0 pair of gloves
Jewellery
 d - a ring of ice
 m - a +5 ring of evasion (left hand)
 o - a +4 ring of protection (right hand)
Wands
 f - a wand of paralysis (7)
 i - a wand of quicksilver (1)
 j - a wand of digging (6)
 s - a wand of flame (66)
 A - a wand of warping (3)
Scrolls
 p - a scroll of noise
 q - a scroll of poison {unknown}
 t - 4 scrolls of revelation
 u - a scroll of immolation
 w - 2 scrolls of identify
 z - a scroll of brand weapon {unknown}
 D - a scroll of amnesia {unknown}
 E - a scroll of acquirement {unknown}
Potions
 e - 2 potions of curing
 h - 5 potions of degeneration
 k - 2 potions of enlightenment
 l - 2 potions of cancellation {unknown}
 v - a potion of haste
 B - 2 potions of magic


   Skills:
 * Level 12.3 Fighting
 * Level 13.0 Axes
 + Level 9.3 Armour
 + Level 9.3 Shields


You had 10 spell levels left.
You didn't know any spells.
Your spell library contained the following spells:

 Spells                   Type           Power      Damage    Failure   Level
 Magic Dart               Conj           0%         1d3       43%         1
 Call Imp                 Summ           0%         N/A       58%         2
 Cigotuvi's Dreadful Rot  Necr/Alch/Air  0%         N/A       58%         2
 Ensorcelled Hibernation  Hex/Ice        0%         N/A       58%         2
 Searing Ray              Conj           0%         2d4       58%         2
 Sublimation of Blood     Necr           0%         N/A       58%         2
 Confusing Touch          Hex            0%         N/A       82%         3
 Passwall                 Erth           0%         N/A       82%         3
 Swiftness                Air            0%         N/A       82%         3
 Dispel Undead            Necr           0%         3d6       99%         4
 Fulminant Prism          Conj/Alch      0%         3d5       99%         4
 Martyr's Knell           Necr/Summ      0%         N/A       99%         4
 Vhi's Electric Charge    Tloc/Air       0%         N/A       99%         4
 Yara's Violent Unravell  Hex/Alch       0%         3d3       100%        5
 Death Channel            Necr           0%         N/A       100%        6
 Summon Hydra             Summ           0%         N/A       100%        7


Dungeon Overview and Level Annotations

Branches:
Dungeon (9/15)             Temple (1/1) D:5            Lair (2/5) D:8
  Swamp: Lair:2-3    Shoals: Lair:2-3     Snake: Lair:2-3    Spider: Lair:2-3
    Orc: D:9-12

Altars:
Ashenzari
Cheibriados
Dithmenos
Fedhas
Hepliaklqana
Kikubaaqudgha
Makhleb
Nemelex Xobeh
Okawaru
Qazlal
Ru
Sif Muna
Trog
Uskayaw
Vehumet
Wu Jian
Xom
Yredelemnul


Innate Abilities, Weirdness & Mutations

Your spellcasting is much less encumbered by armour.
You can use scrolls of enchantment on lesser artefacts.
You have sharp toenails.
Your body sometimes deteriorates upon taking damage.


Message History

Flame seeps out of the death yak.
The death yak gores you!
You slash the death yak!
Flame seeps out of the death yak.
The death yak is severely wounded.
The death yak is engulfed in blazing flames.
Flame seeps out of the death yak.
The death yak closely misses you. The death yak gores your butterfly!!
Your butterfly disappears in a burst of colours!
Your butterfly explodes!
The fiery explosion engulfs you!!
* * * LOW HITPOINT WARNING * * *
Your body deteriorates!
You feel clumsy.
The fiery explosion engulfs the death yak!
Flame seeps out of the death yak.
The death yak is severely wounded.
The fiery explosion engulfs your butterfly!!
You kill your butterfly!
Your butterfly disappears in a burst of colours!
You feel better.
You are engulfed in blazing flames.
The death yak is engulfed in blazing flames.
Flame seeps out of the death yak.
You feel better.
Your butterfly is engulfed in blazing flames.
Your butterfly disappears in a burst of colours!
Your butterfly explodes!
The fiery explosion engulfs the death yak!
Flame seeps out of the death yak.
The death yak is moderately wounded.
The fiery explosion engulfs you!
* * * LOW HITPOINT WARNING * * *
Your body deteriorates!
You feel clumsy.
The fiery explosion engulfs the death yak!!
Flame seeps out of the death yak.
The death yak is moderately wounded.
The death yak gores you!
* * * LOW HITPOINT WARNING * * *
Your body deteriorates!
You feel dopey.
The death yak is engulfed in blazing flames.
Flame seeps out of the death yak.
The death yak gores you!
You die...
Cheibriados appreciates the motionlessness of death.

#......................
#......................
#..#..#.P##............
#..##.#.###......#..###
#........#.......##.###
##...#.....#......##..##
#...##.b..##......##..##
#...P.b.b.#.......##..##
##...§§@Y....b....##..#.
#..##☼Y§.##.b....##..##
#..###Y.###..........##
##..###b####......P##.##
#...b.bbb.b.......###.##
#P......................
##....b.....b...........
#......................
#......................


You could see 3 death yaks.

Vanquished Creatures
  A minotaur (Lair:1)
  Pikel (D:7)
  Maurice (D:7)
  2 black mambas (Lair:1)
  Joseph (D:8)
  7 cane toads
  2 komodo dragons
  An unseen horror (D:8)
  Psyche (D:8)
  A troll (D:9)
  2 wyverns
  6 yaks
  4 basilisks
  3 steam dragons
  9 water moccasins
  3 orc warriors
  3 black bears
  An ice beast (D:6)
  2 sky beasts (D:7)
  6 wolves (Lair:1)
  3 centaurs
  3 lemures (D:7)
  4 phantoms
  9 bullfrogs
  2 gnoll sergeants (D:7)
  A scorpion (D:4)
  6 killer bees (D:7)
  3 electric eels (Lair:2)
  2 howler monkeys (D:8)
  A bombardier beetle (D:4)
  2 jellies
  4 hounds
  7 orc priests
  6 iguanas
  Jessica (D:2)
  Ijyb (D:3)
  3 sleepcaps
  10 orc wizards
  14 gnolls
  6 adders
  2 ufetubi (D:5)
  4 ribbon worms
  3 dart slugs (D:1)
  33 orcs
  3 bats
  5 endoplasms
  2 giant cockroaches
  3 goblins
  5 hobgoblins
  4 quokkas
  8 ball pythons
  3 frilled lizards
  7 kobolds
  5 rats
232 creatures vanquished.

Notes
Turn   | Place    | Note
-------+----------+-------------------------------------------
     0 | D:1      | retardedninja the Mountain Dwarf Fighter began the quest
                  | for the Orb.
     0 | D:1      | Reached XP level 1. HP: 19/19 MP: 1/1
   135 | D:1      | Reached XP level 2. HP: 24/26 MP: 2/2
   767 | D:1      | Got the Handbook of Ill-boding Austromancy
   873 | D:1      | Reached skill level 3 in Axes
   969 | D:2      | Reached XP level 3. HP: 33/33 MP: 3/3
  1268 | D:2      | Found a faded altar of an unknown god.
  1441 | D:2      | Noticed Jessica
  1447 | D:2      | Killed Jessica
  1448 | D:2      | Reached XP level 4. HP: 36/40 MP: 4/4
  1798 | D:3      | Noticed Ijyb
  1812 | D:3      | Killed Ijyb
  2176 | D:3      | Reached XP level 5. HP: 32/46 MP: 5/5
  2352 | D:3      | Reached skill level 4 in Axes
  2626 | D:3      | Found a sparkling altar of Nemelex Xobeh.
  2706 | D:3      | Found a stormy altar of Qazlal.
  3019 | D:4      | Reached XP level 6. HP: 33/55 MP: 6/6
  3300 | D:4      | Reached skill level 5 in Fighting
  3300 | D:4      | Reached skill level 5 in Shields
  3455 | D:4      | Reached skill level 5 in Armour
  3860 | D:4      | Reached skill level 5 in Axes
  3860 | D:4      | Reached XP level 7. HP: 52/61 MP: 7/7
  4140 | D:4      | Found a broken altar of Ashenzari.
  4225 | D:5      | Entered Level 5 of the Dungeon
  4463 | D:5      | Found a staircase to the Ecumenical Temple.
  4503 | Temple   | Entered the Ecumenical Temple
  4663 | D:5      | Reached skill level 6 in Axes
  5082 | D:6      | Reached XP level 8. HP: 71/71 MP: 8/8
  5262 | D:6      | Reached skill level 7 in Axes
  5928 | D:6      | Found a snail-covered altar of Cheibriados.
  6030 | D:6      | Became a worshipper of Cheibriados the Contemplative
  6058 | D:7      | Noticed Maurice
  6077 | D:7      | Something stole a ring of ice
  6079 | D:7      | Something stole a throwing net
  6086 | D:7      | Something stole 272 gold
  6106 | D:7      | Killed Maurice
  6107 | D:7      | Reached skill level 8 in Axes
  6107 | D:7      | Reached XP level 9. HP: 24/81 MP: 1/9
  6488 | D:7      | Noticed Pikel
  6507 | D:7      | Killed Pikel
  6508 | D:7      | Reached skill level 9 in Axes
  6657 | D:7      | Reached * piety under Cheibriados
  7792 | D:7      | Found a sacrificial altar of Ru.
  8238 | D:8      | Noticed Joseph
  8268 | D:8      | Killed Joseph
  8269 | D:8      | Reached skill level 10 in Axes
  8269 | D:8      | Reached XP level 10. HP: 63/92 MP: 10/10
  8514 | D:8      | Reached ** piety under Cheibriados
  8514 | D:8      | Noticed Psyche
  8520 | D:8      | Killed Psyche
  8523 | D:8      | Found a hide-covered altar of Uskayaw.
  8869 | D:8      | Reached skill level 10 in Fighting
 10118 | D:8      | Found a staircase to the Lair.
 10253 | D:9      | Found a blossoming altar of Fedhas.
 10267 | D:9      | Found an iron altar of Okawaru.
 10332 | D:9      | Reached skill level 11 in Axes
 10787 | D:9      | Noticed a skeletal warrior
 11142 | Lair:1   | Entered Level 1 of the Lair of Beasts
 11152 | Lair:1   | Noticed a black mamba
 11168 | Lair:1   | Killed a black mamba
 11172 | Lair:1   | Reached *** piety under Cheibriados
 11256 | Lair:1   | Reached XP level 11. HP: 38/102 MP: 11/11
 11451 | Lair:1   | Reached skill level 12 in Axes
 11512 | Lair:1   | Found a runed translucent door.
 12365 | Lair:1   | Gained mutation: You have sharp toenails. [potion of
                  | mutation]
 12365 | Lair:1   | Gained mutation: Your body sometimes deteriorates upon
                  | taking damage. [potion of mutation]
 12433 | Lair:1   | Noticed a minotaur
 12448 | Lair:1   | Killed a minotaur
 13096 | Lair:2   | Reached **** piety under Cheibriados
 13746 | Lair:2   | Reached skill level 13 in Axes
 13992 | Lair:2   | Noticed a death yak
 13992 | Lair:2   | Noticed a death yak
 13993 | Lair:2   | Noticed a death yak
 13993 | Lair:2   | Noticed a death yak
 13993 | Lair:2   | Noticed a death yak
 14024 | Lair:1   | Mangled by a death yak

Illustrated notes

Levels and vault maps discovered:
D:1:      eino_arrival_tree_alley, layout_basic
D:2:      layout_loops_cross, shapermc_ecumenical_altar_venn, uniq_jessica
D:3:      layout_rooms, nemelex_dance_club_becter, grunt_qazlal_sundering,
          minmay_misc_feat_x, feat_on_display, uniq_ijyb
D:4:      layout_layer_cave, mainiacjoe_overflow_brackets
D:5:      layout_basic, minmay_temple_entry_offerings
D:6:      layout_cave_pods, chei_slow_surprise
D:7:      layout_basic, nicolae_ru_path_of_blood, nicolae_tricolors, uniq_pikel,
          uniq_maurice
D:8:      layout_basic, mainiacjoe_overflow_chevrons, erik_lair_dragon,
          minmay_fractal_squares_gapless_5, uniq_psyche, uniq_joseph
D:9:      layout_rooms, mainiacjoe_overflow_catwalk,
          mainiacjoe_overflow_24_doors, mainiacjoe_overflow_six_doors_small
Temple:   nicolae_temple_ecumenical_triangle
Lair:1:   dreamdust_labyrinth, layout_regular_city,
          chequers_serial_rivers_micro_c
Lair:2:   layout_roguey, shoals_dummy_entry, disabler_island,
          infiniplex_staircase_pool

Skill      XL: |  1  2  3  4  5  6  7  8  9 10 11 |
---------------+----------------------------------+-----
Axes           | 3 4 5 6 8 10 11 13 | 13.0
Fighting       | 4 5 6 8 9 11 12 | 12.3
Shields        | 4 5 6 7 8 9 |  9.3
Armour         | 4 5 6 7 8 9 |  9.3

Action                     |  1- 3 |  4- 6 |  7- 9 | 10-12 || total
---------------------------+-------+-------+-------+-------++-------
  Melee: War axe           |    85 |   145 |   402 |   300 ||   932
  Evoke: Wand              |       |       |     1 |    16 ||    17
    Use: Potion            |       |     2 |     4 |     9 ||    15
         Scroll            |       |       |    11 |    13 ||    24
 Armour: Scale mail        |    22 |       |       |       ||    22
         Plate armour      |    76 |   169 |   369 |   331 ||   945
         Skin              |       |       |       |    19 ||    19
  Dodge: Dodged            |    29 |    61 |   242 |   172 ||   504
  Block: Buckler           |    29 |    47 |   106 |   104 ||   286

Table legend: (Time is in decaauts)
 A = Elapsed time spent in this place.
 B = Non-inter-level travel time spent in this place.
 C = Inter-level travel time spent in this place.
 D = Time resting spent in this place.
 E = Time spent auto-exploring this place.
 F = Levels seen in this place.
 G = Mean time per level.
                   A        B        C        D        E       F      G
               +--------+--------+--------+--------+--------+-----+--------+
         Total |  16101 |  15411 |    690 |   2459 |  10226 |  12 | 1341.8 |
       Dungeon |  12350 |  11739 |    611 |   2049 |   7752 |   9 | 1372.2 |
        Temple |     15 |     10 |      5 |      0 |      0 |   1 |   15.0 |
          Lair |   3734 |   3660 |     74 |    409 |   2473 |   2 | 1867.0 |
               +--------+--------+--------+--------+--------+-----+--------+

Top non-repeatable levels by time:
     D:8: 3093 daAuts
     D:7: 2379 daAuts
  Lair:1: 2366 daAuts
  Lair:2: 1368 daAuts
     D:4: 1357 daAuts
     D:2: 1152 daAuts
     D:6: 1054 daAuts
     D:1: 977 daAuts
     D:3: 829 daAuts
     D:5: 820 daAuts
     D:9: 685 daAuts
  Temple: 15 daAuts
